cohdb
Replays
Latest Replays
All Replays
Popular Replays
Top Player Replays
Match Explorer
How It Works
Community
CoH3 Stats
Reddit
Sign in to upload your games and track your stats! →
Sign in with Steam
Match 42100249
Unlisted
Match 42100249
Overview
Messages
Build Orders
End
Selects Airborne Battlegroup
Selects Pathfinders
Pathfinder Squad
Pathfinder Squad
Construct Weapon Support Center
Engineer Squad
Infantry Support Center
Selects Paratrooper Squad Paradrop
Paratrooper Squad Paradrop
M3 Armored Personnel Carrier
Construct Medical Station
Paratrooper Squad Paradrop
Advanced Logistics
Paratrooper Squad Paradrop
Construct Motor Pool
Paratrooper Squad Paradrop
M24 Chaffee Light Tank
M24 Chaffee Light Tank
Selects Recon Loiter
Selects Supply Drop
Selects Dual P-47 Rocket Strike
Survival Training
Bazooka Squad
Bazooka Squad
Dual P-47 Rocket Strike
Improved M9 Bazooka Rockets
Selects Anti-tank Gun Team Paradrop
M24 Chaffee Light Tank
Demolitions Package
AI Takeover
Zyllen
Silverstatic
PayPerPaper
ši£ėñ±4²5
0
0
Comments
sign in to comment!
No comments posted yet!